 Dungeon Crawl Stone Soup version 0.31-a0-1511-g961fd35ebc (webtiles) character file.

Game seed: 12540781721476802683

4820 PlayingRandomsOnly the Conjurer (level 10, -4/74 HPs)
             Began as a Barachi Earth Elementalist on Dec 30, 2023.
             Was a Believer of Sif Muna.
             Slain by a meliai
             ... wielding a +0 hand axe
              (10 damage)
             ... on level 9 of the Dungeon.
             The game lasted 01:49:44 (10410 turns).

PlayingRandomsOnly the Conjurer (BaEE)             Turns: 10410, Time: 01:49:45

Health: -4/74      AC:  7    Str: 16    XL:     10   Next: 48%
Magic:  7/19       EV: 12    Int: 20    God:    Sif Muna [**....]
Gold:   240        SH:  0    Dex: 12    Spells: 1/21 levels left

rFire   . . .        a - staff of conjuration
rCold   . . .        (no shield)
rNeg    . . .        r - +2 leather armour {rPois}
rPois   +            (no helmet)
rElec   .            (no cloak)
rCorr   .            G - +0 pair of gloves
SInv    .            y - +0 pair of boots
Will    .....        (no amulet)
Stlth   ++           D - +6 ring of strength
HPRegen 0.32/turn    (no ring)
MPRegen 0.16/turn

%: no passive effects
@: very slightly contaminated, slow
A: amphibious, slowness 1, strong legs 1, +LOS
a: Hop, Renounce Religion, Channel Magic


You were on level 9 of the Dungeon.
You worshipped Sif Muna.
Sif Muna was pleased with you.
You visited 1 branch of the dungeon, and saw 9 of its levels.

You collected 378 gold pieces.
You spent 138 gold pieces at shops.

Inventory:

Hand Weapons
 b - the +5 woodcutter's axe
   (You took it off a gnoll on level 4 of the Dungeon)
 x - a +3 dagger of holy wrath
Missiles
 e - 3 darts of dispersal
 A - 11 poisoned darts
Armour
 r - a +2 leather armour of poison resistance (worn)
 y - a +0 pair of boots (worn)
 G - a +0 pair of gloves (worn)
 H - a +0 kite shield
Magical Staves
 a - a staff of conjuration (weapon)
Jewellery
 g - the ring "Vyqoeted" {rElec rC++ Int-4 SInv Stlth+}
   (You found it on level 6 of the Dungeon)

   [ring of see invisible]

   Int-4:     It affects your intelligence (-4).
   rC++:      It greatly protects you from cold.
   rElec:     It insulates you from electricity.
   SInv:      It lets you see invisible.
   Stlth+:    It makes you more stealthy.
 D - a +6 ring of strength (left hand)
Wands
 h - a wand of polymorph (4)
 l - a wand of flame (16)
 t - a wand of paralysis (4)
 v - a wand of roots (13)
 w - a wand of mindburst (3)
Scrolls
 c - 2 scrolls of enchant armour {unknown}
 j - a scroll of amnesia {unknown}
 m - 3 scrolls of enchant weapon
 o - a scroll of butterflies
 p - 5 scrolls of teleportation
 s - 3 scrolls of vulnerability
 u - 2 scrolls of fog
 C - a scroll of revelation
Potions
 d - a potion of curing
 f - 2 potions of magic
 i - 2 potions of haste {unknown}
 k - a potion of enlightenment
 n - 4 potions of heal wounds
 q - a potion of cancellation
 z - 3 potions of resistance {unknown}
 B - a potion of berserk rage
 E - 2 potions of mutation {unknown}
 F - 2 potions of lignification


   Skills:
 - Level 5.0 Fighting
 - Level 5.0 Staves
 - Level 3.0 Armour
 - Level 2.1 Dodging
 - Level 1.7 Stealth
 - Level 6.0 Spellcasting
 + Level 6.3 Conjurations
 + Level 6.0 Earth Magic
 + Level 6.1 Alchemy
 - Level 5.0 Invocations
 - Level 5.0 Evocations


You had one spell level left.
You knew the following spells:

 Your Spells              Type           Power      Damage    Failure   Level
a - Sandblast             Erth           60%        2d14      1%          1
b - Passwall              Erth           30%        N/A       3%          3
c - Stone Arrow           Conj/Erth      92%        3d12      3%          3
d - Magic Dart            Conj           100%       1d8       1%          1
e - Brom's Barrelling Bo  Conj/Erth      46%        2d6       10%         4
f - Fulminant Prism       Conj/Alch      23%        3d12      10%         4
g - Petrify               Alch/Erth      30%        N/A       10%         4

Your spell library contained the following spells:

 Spells                   Type           Power      Damage    Failure   Level
 Kiss of Death            Conj/Necr      100%       2d13      3%          1
 Freeze                   Ice            24%        1d4       12%         1
 Searing Ray              Conj           92%        2d7       1%          2
 Static Discharge         Conj/Air       54%        3-6/arc   5%          2
 Hailstorm                Conj/Ice       27%        3d8       11%         3
 Confusing Touch          Hex            6%         N/A       36%         3
 Frozen Ramparts          Ice            12%        1d2       36%         3
 Airstrike                Air            3%         2d(1-17)  77%         4
 Dispel Undead            Necr           6%         3d8       77%         4
 Summon Lightning Spire   Summ/Air       6%         N/A       77%         4
 Vhi's Electric Charge    Tloc/Air       12%        N/A       77%         4
 Silence                  Hex/Air        3%         N/A       98%         5
 Lehudib's Crystal Spear  Conj/Erth      23%        10d6      100%        8


Dungeon Overview and Level Annotations

Branches:
Dungeon (9/15)             Temple (0/1) D:5
   Lair: D:8-11         Orc: D:9-12

Altars:
Dithmenos
Hepliaklqana
Kikubaaqudgha
Makhleb
Nemelex Xobeh
Qazlal
Sif Muna
Trog
Vehumet

Shops:
D:1 ?   D:5 =   D:6 ?


Innate Abilities, Weirdness & Mutations

You are amphibious.
You cover ground slowly.
You can hop short distances.
You have an extended range of vision and can be seen from far away.


Message History

The meliai is lightly wounded.
The meliai hits you with a +0 hand axe! The meliai stings you.
The meliai hits you with a +0 hand axe. The meliai stings you!
* * * LOW HITPOINT WARNING * * *
Your fulminant prism explodes!
The blast of energy engulfs the meliai!
The meliai is heavily wounded.
The blast of energy engulfs the meliai!!
The meliai is almost dead.
You hear an angry hiss.
Okay, then.
Press: ? - help, v - describe, . - travel
Here: a meliai, wielding a +0 hand axe and wearing a +0 robe (almost dead)
The floor.
Okay, then.
Aiming: Fastroot
Press: ? - help, Shift-Dir - straight line, p - meliai The roots erupt in riotous growth!
Roots grab the meliai. x2
The grasping roots constrict the meliai.
The grasping roots constrict the meliai!
You kill the meliai!
Sif Muna accepts your kill.
You hear a shout!
The meliai struggles to escape constriction. x2
Your Earth Magic skill increases to level 6!
Your Alchemy skill increases to level 6!
Aiming: Fastroot
Press: ? - help, Shift-Dir - straight line The roots erupt in riotous growth!
Roots grab the meliai.
The meliai is unaffected.
The grasping roots constrict the meliai!
The grasping roots constrict the meliai.
The meliai calls upon its god to heal the meliai.
The meliai's wounds heal themselves!
The meliai hits you with a +0 hand axe!
* * * LOW HITPOINT WARNING * * *
The meliai closely misses you.
The meliai escapes!
The meliai hits you with a +0 hand axe!
You die...

.........................
............<............
..............##########.
..............#........#.
.............#........#.
."...........#........#.
####.k.......###+#'####.
#..yy..........).....
#...@........)<......
#............).......
############.........
##########


You could see a wyvern and 2 meliai.

Vanquished Creatures
  A two-headed ogre (D:8)
  A meliai (D:9)
  Sigmund (D:6)
  A water moccasin (D:5)
  2 sky beasts
  3 ice beasts (D:6)
  An orc warrior (D:8)
  A black bear (D:7)
  4 ogres
  2 centaurs
  2 kobold brigands
  6 scorpions
  A bullfrog (D:5)
  A gnoll sergeant (D:4)
  8 wights (D:8)
  9 killer bees
  A howler monkey (D:6)
  4 gnoll boudas
  4 orc priests
  6 hounds
  2 jellies
  Jessica (D:3)
  2 iguanas
  A sleepcap (D:6)
  Terence (D:3)
  An orc wizard (D:8)
  28 gnolls
  7 adders
  A shadow imp (D:7)
  2 white imps
  4 dart slugs
  11 orcs
  7 endoplasms
  2 giant cockroaches (D:3)
  7 goblins
  2 hobgoblins (D:4)
  4 jackals (D:4)
  17 kobolds
  5 quokkas
  9 ball pythons
  9 bats
  2 frilled lizards
  3 rats
187 creatures vanquished.

Vanquished Creatures (collateral kills)
  6 boulders (D:8)
6 creatures vanquished.

Vanquished Creatures (others)
  A boulder (D:8)
  11 fulminant prisms
12 creatures vanquished.

Grand Total: 205 creatures vanquished

Notes
Turn   | Place    | Note
-------+----------+-------------------------------------------
     0 | D:1      | PlayingRandomsOnly the Barachi Earth Elementalist began the
                  | quest for the Orb.
     0 | D:1      | Reached XP level 1. HP: 13/13 MP: 3/3
   211 | D:1      | Found Xairyw's Magic Scroll Shop.
   225 | D:1      | Reached skill level 1 in Fighting
   296 | D:1      | Reached XP level 2. HP: 21/21 MP: 3/5
   492 | D:1      | Bought a scroll of identify for 24 gold pieces
   647 | D:1      | Reached XP level 3. HP: 27/27 MP: 4/6
   670 | D:1      | Learned a level 3 spell: Passwall
  1215 | D:2      | Reached skill level 1 in Conjurations
  1988 | D:3      | Noticed Jessica
  2013 | D:3      | Noticed Terence
  2194 | D:3      | Reached XP level 4. HP: 26/33 MP: 5/7
  2222 | D:3      | Learned a level 3 spell: Stone Arrow
  2568 | D:1      | Bought a scroll of teleportation for 36 gold pieces
  2842 | D:3      | Reached skill level 1 in Armour
  3027 | D:3      | Killed Jessica
  3028 | D:3      | Reached XP level 5. HP: 36/38 MP: 5/8
  3248 | D:3      | Killed Terence
  3506 | D:5      | Entered Level 5 of the Dungeon
  3684 | D:1      | Bought a scroll of vulnerability for 48 gold pieces
  3879 | D:4      | Learned a level 1 spell: Magic Dart
  3914 | D:4      | Reached XP level 6. HP: 44/44 MP: 2/9
  4148 | D:4      | Found a shimmering blue altar of Sif Muna.
  4157 | D:4      | Became a worshipper of Sif Muna the Loreminder
  4475 | D:4      | Reached skill level 5 in Earth Magic
  4475 | D:4      | Reached XP level 7. HP: 50/50 MP: 6/10
  4482 | D:4      | Reached skill level 5 in Conjurations
  4637 | D:4      | Reached skill level 1 in Evocations
  4996 | D:4      | Learned a level 4 spell: Brom's Barrelling Boulder
  5221 | D:5      | Reached XP level 8. HP: 60/60 MP: 1/12
  5347 | D:5      | Reached * piety under Sif Muna
  5505 | D:5      | Found Egram's Jewellery Shoppe.
  5564 | D:5      | Reached skill level 5 in Fighting
  5872 | D:5      | Reached skill level 5 in Evocations
  5897 | D:5      | Reached skill level 5 in Spellcasting
  5902 | D:5      | Learned a level 4 spell: Fulminant Prism
  6048 | D:5      | Found a staircase to the Ecumenical Temple.
  6444 | D:6      | Found Reloll's Magic Scroll Shoppe.
  6453 | D:6      | Bought a scroll of teleportation for 30 gold pieces
  6457 | D:6      | Identified the ring "Vyqoeted" {rElec rC++ Int-4 SInv
                  | Stlth+}
  6686 | D:6      | Reached XP level 9. HP: 68/68 MP: 16/16
  6873 | D:7      | Identified the +3 scimitar "Ultimatum" {heavy, rElec Str+6
                  | Int-3}
  6963 | D:6      | Reached skill level 1 in Staves
  6963 | D:6      | Reached skill level 5 in Alchemy
  6966 | D:6      | Reached ** piety under Sif Muna
  7263 | D:6      | Noticed Sigmund
  7271 | D:6      | Killed Sigmund
  7444 | D:6      | Found a burning altar of Makhleb.
  7444 | D:6      | Found a radiant altar of Vehumet.
  7447 | D:6      | Reached skill level 5 in Staves
  7505 | D:6      | Found a shadowy altar of Dithmenos.
  7505 | D:6      | Found a bloodstained altar of Trog.
  7512 | D:6      | Found an ancient bone altar of Kikubaaqudgha.
  7517 | D:6      | Found a sparkling altar of Nemelex Xobeh.
  7722 | D:7      | Identified the +7 rapier "Nuasef" {venom, rPois Will- Str+3
                  | SInv}
  7914 | D:7      | Reached skill level 1 in Invocations
  8479 | D:8      | Noticed a two-headed ogre
  8484 | D:8      | Killed a two-headed ogre
  8485 | D:8      | Reached skill level 5 in Invocations
  8525 | D:8      | Reached XP level 10. HP: 74/74 MP: 6/17
  8687 | D:8      | Learned a level 4 spell: Petrify
  9326 | D:8      | Got the Almanac of Ouranomancy and the Valley
  9329 | D:8      | Found a stormy altar of Qazlal.
  9606 | D:8      | Found a faded altar of an unknown god.
  9607 | D:8      | Found a hazy altar of Hepliaklqana.
  9607 | D:8      | Found a faded altar of an unknown god.
  9819 | D:8      | Found a stormy altar of Qazlal.
  9931 | D:8      | Found a faded altar of an unknown god.
  9932 | D:8      | Found a hazy altar of Hepliaklqana.
  9932 | D:8      | Found a faded altar of an unknown god.
 10403 | D:9      | Noticed a meliai
 10404 | D:9      | Noticed a meliai
 10405 | D:9      | Noticed a meliai
 10409 | D:9      | Killed a meliai
 10410 | D:9      | Slain by a meliai

Illustrated notes

Levels and vault maps discovered:
D:1:      dreamdust_arrival_sigmund_warning, layout_loops_ring, serial_shops,
          nicolae_square_shop, minmay_misc_feat_room, minmay_shallow_snake_nest
D:2:      minmay_wonky_spiral, layout_loops_corners, minmay_misc_feat_five
D:3:      layout_basic, uniq_terence, uniq_jessica
D:4:      layout_basic, nicolae_sif_muna_condensation,
          pf_guarded_unrand_woodcutter
D:5:      layout_cave_pools, temple_hall, serial_shops,
          nicolae_shop_advertising_works [nicolae_subvault_shop_adworks]
D:6:      layout_loops_ring, minmay_overflow_temple_hex, serial_shops,
          nicolae_shop_temple_entry_statues_fountains, grunt_decor_resistance,
          uniq_sigmund
D:7:      layout_loops_cross
D:8:      layout_gridville, nicolae_hepliaklqana_ecumenical_no_more,
          mainiacjoe_overflow_boulevard, serial_rivers,
          chequers_serial_rivers_small_a, chequers_serial_rivers_room_b,
          chequers_serial_rivers_micro_b, chequers_serial_rivers_micro_e,
          chequers_serial_rivers_room_a, dk_vineyard_3
D:9:      layout_irregular_city, gammafunk_ghost_cemetery

Skill      XL: |  1  2  3  4  5  6  7  8  9 10 |
---------------+-------------------------------+-----
Fighting       | 1 2 4 5 |  5.0
Conjurations   | 2 3 4 5 6 |  6.3
Armour         | 2 3 |  3.0
Earth Magic    | 4 5 6 |  6.0
Spellcasting   | 3 5 6 |  6.0
Evocations     | 3 5 |  5.0
Alchemy        | 4 5 6 |  6.1
Staves         | 5 |  5.0
Invocations    | 5 |  5.0
Dodging        | |  2.1
Stealth        | |  1.7

Action                     |  1- 3 |  4- 6 |  7- 9 | 10-12 || total
---------------------------+-------+-------+-------+-------++-------
  Melee: Dagger            |    42 |    21 |       |       ||    63
         Punch             |     2 |       |     1 |       ||     3
         Battleaxe         |       |       |    27 |       ||    27
         Staff             |       |       |    22 |    21 ||    43
  Throw: Dart              |       |       |     5 |       ||     5
   Cast: Sandblast         |    41 |    37 |    48 |       ||   126
         Magic Dart        |       |    20 |    77 |    18 ||   115
         Stone Arrow       |       |       |    40 |    29 ||    69
         Brom's Barrelling |       |       |       |    12 ||    12
         Fulminant Prism   |       |       |       |    11 ||    11
 Invoke: Channel Magic     |       |       |     1 |     8 ||     9
Ability: Hop               |     2 |     3 |    10 |     3 ||    18
  Evoke: Wand              |     3 |    16 |    11 |     2 ||    32
    Use: Scroll            |     3 |     1 |     6 |     1 ||    11
         Potion            |       |     1 |     1 |       ||     2
   Stab: Sleeping          |     2 |       |       |       ||     2
 Armour: Robe              |    27 |       |       |       ||    27
         Skin              |       |     9 |    56 |       ||    65
         Leather armour    |       |    10 |    59 |    39 ||   108
  Dodge: Dodged            |    32 |    11 |    57 |    39 ||   139

Table legend: (Time is in decaauts)
 A = Elapsed time spent in this place.
 B = Non-inter-level travel time spent in this place.
 C = Inter-level travel time spent in this place.
 D = Time resting spent in this place.
 E = Time spent auto-exploring this place.
 F = Levels seen in this place.
 G = Mean time per level.
                   A        B        C        D        E       F      G
               +--------+--------+--------+--------+--------+-----+--------+
         Total |  11762 |  10589 |   1173 |   2866 |   3377 |   9 | 1306.9 |
       Dungeon |  11762 |  10589 |   1173 |   2866 |   3377 |   9 | 1306.9 |
               +--------+--------+--------+--------+--------+-----+--------+

Top non-repeatable levels by time:
     D:8: 2022 daAuts
     D:4: 1655 daAuts
     D:6: 1598 daAuts
     D:2: 1463 daAuts
     D:3: 1455 daAuts
     D:5: 1317 daAuts
     D:1: 1218 daAuts
     D:7: 846 daAuts
     D:9: 185 daAuts
